PL
RICHARDSON CITY THUNDERCATS @ PHOENIX HOTSPUR
08/10/2022
 
TOP OF THE 1ST
Richardson City Thundercats batting - Pitching for Phoenix Hotspur : RHP Cory Sanders
Pitching: RHP Cory Sanders
Batting: LHB Sébastien Rolland 0-0: SINGLE (Line Drive, 89S)
Batting: RHB Nate Cates 0-0: Foul Ball, location: 2F
0-1: Ball
1-1: Foul Ball, location: 2F
1-2: Ball
2-2: Ball
3-2: DOUBLE (Flyball, 8RXD)
Sébastien Rolland to third
Batting: RHB Juan Cabrera 0-0: Swinging Strike
0-1: Fly out, F9 (Flyball, 89S)
Runner from 3rd tags up, OUT at HOME
Nate Cates to third
Batting: RHB Joey Jones 0-0: SINGLE (Flyball, 8LS)
Nate Cates scores
Batting: SHB Leonard O'Connor 0-0: Called Strike
Joey Jones steals 2nd base
0-1: Ball
1-1: Ball
2-1: Ball
3-1: Foul Ball, location: 2F
3-2: Ground out 4-3 (Groundball, 4M)
Top of the 1st over - 1 run(s), 3 hit(s), 0 error(s), 1 left on base; Richardson City 1 - Phoenix 0
BOTTOM OF THE 1ST
Phoenix Hotspur batting - Pitching for Richardson City Thundercats : RHP Cordell Wilson
Pitching: RHP Cordell Wilson
Batting: RHB John Moore 0-0: Ball
1-0: Called Strike
1-1: Called Strike
1-2: Fly out, F6 (Popup, 5D)
Batting: RHB Raúl González 0-0: Ball
1-0: Ball
2-0: Ball
3-0: Called Strike
3-1: Fly out, F7 (Line Drive, 7S)
Batting: RHB Pedro Torrez 0-0: Fly out, F7 (Line Drive, 7M)
Bottom of the 1st over - 0 run(s), 0 hit(s), 0 error(s), 0 left on base; Richardson City 1 - Phoenix 0
TOP OF THE 2ND
Richardson City Thundercats batting - Pitching for Phoenix Hotspur : RHP Cory Sanders
Batting: RHB Alden Wiley 0-0: Ball
1-0: Bunted foul
1-1: Called Strike
1-2: Fly out, F8 (Flyball, 8RM)
Batting: RHB Steve Dunn 0-0: Ball
1-0: Swinging Strike
1-1: Foul Ball, location: 2F
1-2: Ball
2-2: Foul Ball, location: 2F
2-2: Ground out 1-3 (Groundball, 15)
Batting: SHB Eugene Parrish 0-0: Foul Ball, location: 2F
0-1: SINGLE (Line Drive, 4D)
Batting: RHB Chriss Mann 0-0: Called Strike
Eugene Parrish steals 2nd base
0-1: Ball
1-1: Ball
2-1: Ground out 1-3 (Groundball, 13)
Top of the 2nd over - 0 run(s), 1 hit(s), 0 error(s), 1 left on base; Richardson City 1 - Phoenix 0
BOTTOM OF THE 2ND
Phoenix Hotspur batting - Pitching for Richardson City Thundercats : RHP Cordell Wilson
Batting: LHB John Cossey 0-0: Called Strike
0-1: Swinging Strike
0-2: Strikes out swinging
Batting: SHB Dave Orchard 0-0: Ball
1-0: Ball
2-0: Called Strike
2-1: SINGLE (Groundball, 4MD)
Batting: RHB Keith Burnett 0-0: Ball
1-0: Foul Ball, location: 2F
1-1: Foul Ball, location: 2F
1-2: Strikes out swinging
Batting: LHB Clark Espinosa 0-0: Ball
1-0: Swinging Strike
1-1: Ball
2-1: Swinging Strike
2-2: Strikes out swinging
Bottom of the 2nd over - 0 run(s), 1 hit(s), 0 error(s), 1 left on base; Richardson City 1 - Phoenix 0
TOP OF THE 3RD
Richardson City Thundercats batting - Pitching for Phoenix Hotspur : RHP Cory Sanders
Batting: LHB Sébastien Rolland 0-0: Called Strike
0-1: Ball
1-1: Ball
2-1: Ball
3-1: Base on Balls
Pitching: RHP Jeff Dixon
Batting: RHB Nate Cates 0-0: Ball
1-0: Fly out, F8 (Flyball, 8RD)
Batting: RHB Juan Cabrera 0-0: Ball
1-0: Ball
2-0: Ball
3-0: Called Strike
3-1: Called Strike
3-2: Foul Ball, location: 2F
3-2: Foul Ball, location: 2F
3-2: Base on Balls
Sébastien Rolland to second
Batting: RHB Joey Jones 0-0: Ball
1-0: Foul Ball, location: 2F
1-1: Called Strike
1-2: Foul Ball, location: 2F
1-2: Foul Ball, location: 2F
1-2: Ball
2-2: Foul Ball, location: 2F
2-2: Ball
3-2: Base on Balls
Sébastien Rolland to third
Juan Cabrera to second
Batting: SHB Leonard O'Connor 0-0: Ball
1-0: Ball
2-0: Grounds into double play, 4-6-3 (Groundball, 4)
Top of the 3rd over - 0 run(s), 0 hit(s), 0 error(s), 2 left on base; Richardson City 1 - Phoenix 0
BOTTOM OF THE 3RD
Phoenix Hotspur batting - Pitching for Richardson City Thundercats : RHP Cordell Wilson
Batting: RHB Félix Rodríguez 0-0: Ball
1-0: Called Strike
1-1: Ground out 4-3 (Groundball, 4)
Batting: RHB Chet Nix 0-0: Fly out, F3 (Popup, 23F)
Batting: RHB John Moore 0-0: Called Strike
0-1: Ball
1-1: Foul Ball, location: 2F
1-2: Ball
2-2: Ground out 6-3 (Groundball, 6)
Bottom of the 3rd over - 0 run(s), 0 hit(s), 0 error(s), 0 left on base; Richardson City 1 - Phoenix 0
TOP OF THE 4TH
Richardson City Thundercats batting - Pitching for Phoenix Hotspur : RHP Jeff Dixon
Batting: RHB Alden Wiley 0-0: Ball
1-0: Ball
2-0: Called Strike
2-1: SOLO HOME RUN (Line Drive, 7LD), Distance : 361 ft
Batting: RHB Steve Dunn 0-0: Ball
1-0: Ball
2-0: Ball
3-0: Base on Balls
Batting: SHB Eugene Parrish 0-0: Grounds into double play, 4-6-3 (Groundball, 4)
Batting: RHB Chriss Mann 0-0: Foul Ball, location: 2F
0-1: SINGLE (Line Drive, 56D)
Batting: LHB Sébastien Rolland 0-0: Ground out 6-3 (Groundball, 6)
Top of the 4th over - 1 run(s), 2 hit(s), 0 error(s), 1 left on base; Richardson City 2 - Phoenix 0
BOTTOM OF THE 4TH
Phoenix Hotspur batting - Pitching for Richardson City Thundercats : RHP Cordell Wilson
Batting: RHB Raúl González 0-0: Called Strike
0-1: Fly out, F3 (Popup, 3S)
Batting: RHB Pedro Torrez 0-0: Ball
1-0: SINGLE (Line Drive, 7S)
Batting: LHB John Cossey 0-0: Called Strike
0-1: Fly out, F8 (Flyball, 8LS)
Batting: SHB Dave Orchard 0-0: Fielders Choice at 2nd, U4 (Groundball, 4M)
Bottom of the 4th over - 0 run(s), 1 hit(s), 0 error(s), 1 left on base; Richardson City 2 - Phoenix 0
TOP OF THE 5TH
Richardson City Thundercats batting - Pitching for Phoenix Hotspur : RHP Jeff Dixon
Batting: RHB Nate Cates 0-0: Called Strike
0-1: Ball
1-1: Called Strike
1-2: DOUBLE (Flyball, 7D)
Pitching: RHP Craig Moody
Batting: RHB Juan Cabrera 0-0: Ball
1-0: Foul Ball, location: 2F
1-1: Ball
2-1: SINGLE (Line Drive, 7LS)
Nate Cates to third
Batting: RHB Joey Jones 0-0: Ball
Wild Pitch!
Nate Cates scores
Juan Cabrera to second
1-0: Called Strike
1-1: Foul Ball, location: 2F
1-2: Ball
2-2: Foul Ball, location: 2F
2-2: SINGLE (Groundball, 4MD)
Juan Cabrera to third
Runner from 3rd tries for Home, SAFE, no throw or cutoff
Batting: SHB Leonard O'Connor 0-0: Ball
1-0: Swinging Strike
1-1: Called Strike
1-2: Strikes out swinging
Pitching: RHP Jesús Olvero
Batting: RHB Alden Wiley 0-0: Ball
1-0: Ball
2-0: Ball
3-0: Called Strike
3-1: Called Strike
3-2: Grounds into double play, 1-6-3 (Groundball, 13S)
Top of the 5th over - 2 run(s), 3 hit(s), 0 error(s), 0 left on base; Richardson City 4 - Phoenix 0
BOTTOM OF THE 5TH
Phoenix Hotspur batting - Pitching for Richardson City Thundercats : RHP Cordell Wilson
Batting: RHB Keith Burnett 0-0: Ball
1-0: Foul Ball, location: 2F
1-1: Ball
2-1: Ball
3-1: Called Strike
3-2: SINGLE (Line Drive, 4D)
Batting: LHB Clark Espinosa 0-0: Ball
1-0: Called Strike
1-1: Called Strike
1-2: Foul Ball, location: 2F
1-2: Strikes out swinging
Batting: RHB Félix Rodríguez 0-0: Foul Ball, location: 2F
0-1: Foul Ball, location: 2F
0-2: Ball
1-2: Ground out 5-3 (Groundball, 5S)
Keith Burnett to second
Batting: RHB Chet Nix 0-0: Called Strike
0-1: Ground out 6-3 (Groundball, 56)
Bottom of the 5th over - 0 run(s), 1 hit(s), 0 error(s), 1 left on base; Richardson City 4 - Phoenix 0
TOP OF THE 6TH
Richardson City Thundercats batting - Pitching for Phoenix Hotspur : RHP Jesús Olvero
Batting: RHB Steve Dunn 0-0: Ball
1-0: Called Strike
1-1: Swinging Strike
1-2: SINGLE (Groundball, 6M)
Batting: SHB Eugene Parrish 0-0: Ball
1-0: Called Strike
1-1: Called Strike
1-2: Strikes out swinging
Batting: RHB Chriss Mann 0-0: Called Strike
0-1: Called Strike
0-2: Strikes out looking
Batting: LHB Sébastien Rolland 0-0: TRIPLE (Line Drive, 8LS)
Steve Dunn scores
Batting: RHB Nate Cates 0-0: Ball
1-0: Swinging Strike
1-1: Ball
2-1: Ball
3-1: Foul Ball, location: 2F
3-2: Ground out 5-3 (Groundball, 56S)
Top of the 6th over - 1 run(s), 2 hit(s), 0 error(s), 1 left on base; Richardson City 5 - Phoenix 0
BOTTOM OF THE 6TH
Phoenix Hotspur batting - Pitching for Richardson City Thundercats : RHP Cordell Wilson
Batting: RHB John Moore 0-0: Called Strike
0-1: Foul Ball, location: 2F
0-2: Ball
1-2: Ball
2-2: Foul Ball, location: 2F
2-2: Fly out, F3 (Popup, 3L)
Batting: RHB Raúl González 0-0: Ball
1-0: Called Strike
1-1: Fly out, F3 (Popup, 3F)
Batting: RHB Pedro Torrez 0-0: Ball
1-0: Swinging Strike
1-1: Fly out, F8 (Flyball, 8LD)
Bottom of the 6th over - 0 run(s), 0 hit(s), 0 error(s), 0 left on base; Richardson City 5 - Phoenix 0
TOP OF THE 7TH
Richardson City Thundercats batting - Pitching for Phoenix Hotspur : RHP Jesús Olvero
Batting: RHB Juan Cabrera 0-0: Called Strike
0-1: Ball
1-1: Ground out 1-3 (Groundball, 23)
Pitching: RHP Craig Gasnier
Batting: RHB Joey Jones 0-0: Called Strike
0-1: Foul Ball, location: 2F
0-2: Ball
1-2: Ground out 3-1 (Groundball, 34)
Batting: SHB Leonard O'Connor 0-0: Ground out 4-3 (Groundball, 4)
Top of the 7th over - 0 run(s), 0 hit(s), 0 error(s), 0 left on base; Richardson City 5 - Phoenix 0
BOTTOM OF THE 7TH
Phoenix Hotspur batting - Pitching for Richardson City Thundercats : RHP Cordell Wilson
Batting: LHB John Cossey 0-0: Foul Ball, location: 2F
0-1: Ball
1-1: Ground out U3 (Groundball, 3)
Batting: SHB Dave Orchard 0-0: Called Strike
0-1: Called Strike
0-2: Ball
1-2: Ball
2-2: Ground out U3 (Groundball, 3S)
Batting: RHB Keith Burnett 0-0: Ball
1-0: Ball
2-0: Ball
3-0: Base on Balls
Batting: LHB Clark Espinosa 0-0: Foul Ball, location: 2F
0-1: Ball
1-1: Ball
2-1: Ball
3-1: Swinging Strike
3-2: Ground out 3-1 (Groundball, 34)
Bottom of the 7th over - 0 run(s), 0 hit(s), 0 error(s), 1 left on base; Richardson City 5 - Phoenix 0
TOP OF THE 8TH
Richardson City Thundercats batting - Pitching for Phoenix Hotspur : RHP Craig Gasnier
Batting: RHB Alden Wiley 0-0: Ball
1-0: DOUBLE (Line Drive, 7LM)
Batting: RHB Steve Dunn 0-0: Ball
1-0: Ball
2-0: Fly out, F6 (Popup, 6M)
Batting: SHB Eugene Parrish 0-0: Called Strike
0-1: Called Strike
0-2: Strikes out looking
Batting: RHB Chriss Mann 0-0: Ball
1-0: Foul Ball, location: 2F
1-1: Foul Ball, location: 2F
1-2: Foul Ball, location: 2F
1-2: Ball
2-2: Ball
3-2: Base on Balls
Pitching: RHP Miguel Angel Lińares
Batting: LHB Sébastien Rolland 0-0: Ball
1-0: Ball
2-0: Called Strike
2-1: Ground out 4-3 (Groundball, 4)
Top of the 8th over - 0 run(s), 1 hit(s), 0 error(s), 2 left on base; Richardson City 5 - Phoenix 0
BOTTOM OF THE 8TH
Phoenix Hotspur batting - Pitching for Richardson City Thundercats : RHP Cordell Wilson
Batting: RHB Félix Rodríguez 0-0: Ball
1-0: Ball
2-0: Ground out 5-3 (Groundball, 5L)
Batting: RHB Chet Nix 0-0: Ground out 6-3 (Groundball, 6)
Batting: RHB John Moore 0-0: Fly out, F3 (Popup, 13)
Bottom of the 8th over - 0 run(s), 0 hit(s), 0 error(s), 0 left on base; Richardson City 5 - Phoenix 0
TOP OF THE 9TH
Richardson City Thundercats batting - Pitching for Phoenix Hotspur : RHP Miguel Angel Lińares
Batting: RHB Nate Cates 0-0: Ball
1-0: Foul Ball, location: 2F
1-1: Foul Ball, location: 2F
1-2: Strikes out swinging
Batting: RHB Juan Cabrera 0-0: Called Strike
0-1: Swinging Strike
0-2: Strikes out swinging
Batting: RHB Joey Jones 0-0: Ball
1-0: Called Strike
1-1: Fly out, F3 (Line Drive, 34)
Top of the 9th over - 0 run(s), 0 hit(s), 0 error(s), 0 left on base; Richardson City 5 - Phoenix 0
BOTTOM OF THE 9TH
Phoenix Hotspur batting - Pitching for Richardson City Thundercats : RHP Cordell Wilson
Batting: RHB Raúl González 0-0: Swinging Strike
0-1: Called Strike
0-2: Ball
1-2: Ball
2-2: Ball
3-2: Base on Balls
Batting: RHB Pedro Torrez 0-0: Called Strike
0-1: Ball
1-1: Grounds into double play, 5-4-3 (Groundball, 5)
Batting: LHB John Cossey 0-0: Ball
1-0: Ball
2-0: Ball
3-0: Called Strike
3-1: Foul Ball, location: 2F
3-2: Foul Ball, location: 2F
3-2: Foul Ball, location: 2F
3-2: Base on Balls
Pitching: RHP Josef van der Poel
Batting: SHB Dave Orchard 0-0: Ball
1-0: Ball
2-0: SINGLE (Line Drive, 56D)
John Cossey to second
Batting: RHB Keith Burnett 0-0: Ball
1-0: Ball
2-0: Ball
3-0: Called Strike
3-1: Ground out U3 (Groundball, 3)
Bottom of the 9th over - 0 run(s), 1 hit(s), 0 error(s), 2 left on base; Richardson City 5 - Phoenix 0
This league is powered by Out of the Park Baseball, the baseball management simulation game for PC, Mac and Linux
Friday, April 15th, 2016 - OOTP Baseball 16.9 Build 39